 Dungeon Crawl Stone Soup version 0.19.1-1-g22dce08 (webtiles) character file.

97 Jerry the Charmwright (level 4, -1/29 HPs)
             Began as an Octopode Skald on Jan 4, 2017.
             Slain by a gnoll
             ... wielding a +0 spear
              (9 damage)
             ... on level 2 of the Dungeon.
             The game lasted 00:04:16 (1695 turns).

Jerry the Charmwright (Octopode Skald)              Turns: 1695, Time: 00:04:16

Health: -1/29      AC:  1    Str: 11    XL:     4   Next: 68%
Magic:  6/8        EV: 14    Int: 14    God:
Gold:   52         SH:  0    Dex: 12    Spells: 3 memorised, 3 levels left

rFire  . . .     SeeInvis .     f - +0 long sword
rCold  . . .     Gourm    .     (no shield)
rNeg   . . .     Faith    .     (helmet restricted)
rPois  .         Spirit   .     (no amulet)
rElec  .         Reflect  .     (no ring)
rCorr  .         Harm     .     (no ring)
MR     .....                    (no ring)
Stlth  ++........               (no ring)
                                (no ring)
                                (no ring)
                                (no ring)
                                (no ring)

@: shrouded
A: almost no armour, stealthy swim, amphibious, 8 rings, constrict 8, camouflage
1, gelatinous body 1
a: no special abilities


You were on level 2 of the Dungeon.
You were not hungry.

You visited 1 branch of the dungeon, and saw 2 of its levels.

You collected 52 gold pieces.

Inventory:

Hand Weapons
 a - a +0 falchion
 f - a +0 long sword (weapon)
Scrolls
 d - 2 scrolls of identify {unknown}
 e - a scroll of amnesia {unknown}
 h - a scroll of fear {unknown}
 j - 2 scrolls of teleportation {unknown}
 l - a scroll of enchant weapon {unknown}
 n - a scroll of enchant armour {unknown}
Potions
 g - a potion of lignification {unknown}
 i - a potion of agility {unknown}
 p - a potion of ambrosia {unknown}
 q - 2 potions of curing {unknown}
Books
 b - a book of Battle

   Spells                             Type                      Level
   a - Infusion                       Charms                       1
   b - Shroud of Golubria             Charms/Translocation         2
   c - Song of Slaying                Charms                       2
   d - Spectral Weapon                Hexes/Charms                 3
   e - Regeneration                   Charms/Necromancy            3
Comestibles
 c - 2 bread rations
 k - 3 meat rations
 m - a slice of pizza


   Skills:
 - Level 2.0 Fighting
 + Level 2.7 Long Blades
 + Level 3.0 Dodging
 + Level 3.0 Spellcasting
 - Level 3.0 Charms
 + Level 1.0 Necromancy


You had 3 spell levels left.
You knew the following spells:

 Your Spells              Type           Power        Failure   Level  Hunger
a - Infusion              Chrm           ##..         10%         1    #......
b - Shroud of Golubria    Chrm/Tloc      #.........   21%         2    ##.....
c - Regeneration          Chrm/Necr      #.........   30%         3    ###....


Dungeon Overview and Level Annotations

Branches:
Dungeon (2/15)

Altars:


Innate Abilities, Weirdness & Mutations

You cannot wear most types of armour.
You are very stealthy in the water. (Stealth+)
You are amphibious.
You can wear up to eight rings at the same time.
You can use your tentacles to constrict eight enemies at once.
Your skin changes colour to match your surroundings (Stealth+).
Your rubbery body absorbs attacks. (AC +1, EV +1)


Message History

You are too injured to fight recklessly!
You are too injured to fight recklessly!
You are too injured to fight recklessly!
You are too injured to fight recklessly!
Casting: Shroud of Golubria
Confirm with . or Enter, or press ? or * to list all spells.
Space distorts slightly along a thin shroud covering your body.
The hobgoblin closely misses you. The gnoll closely misses you.
A hobgoblin comes into view. It is wielding a club.
You are too injured to fight recklessly!
You are too injured to fight recklessly!
You are too injured to fight recklessly!
The hobgoblin shouts!
You slash the hobgoblin!
You kill the hobgoblin!
The gnoll closely misses you.
You closely miss the kobold. You grab the kobold. You squeeze the kobold.
You kill the kobold!
The gnoll hits you from afar with a spear!
You die...

.###.### #.# #.## .....#
####.######.## ###### #
#.........#... #'
#.##.####.#### ...
#.##.## #.# # ## ....
#.##..# #.# # .####
..... ##.###.# #.####
....##.
.<....####......###.#...
.......
......)@†...............
......$
.....g####........###.##
.##.### ..... ##.......#
#.## .. # ..g. #.......#
#... ### ... ###...###
#..# . #' #...# #..# # #
##.## #... # ##.# ..


You could see a gnoll and a hobgoblin.

Vanquished Creatures
  2 adders (D:2)
  2 gnolls
  A worm (D:2)
  3 dart slugs (D:1)
  2 leopard geckos
  A ball python (D:2)
  5 bats
  7 goblins
  6 hobgoblins
  8 kobolds
  3 quokkas (D:2)
  3 frilled lizards
  3 rats (D:1)
46 creatures vanquished.

Notes
Turn   | Place    | Note
-------+----------+-------------------------------------------
     0 | D:1      | Jerry the Octopode Skald began the quest for the Orb.
     0 | D:1      | Reached XP level 1. HP: 14/14 MP: 3/3
   110 | D:1      | Reached XP level 2. HP: 18/19 MP: 5/5
   114 | D:1      | Learned a level 2 spell: Shroud of Golubria
   271 | D:1      | Reached XP level 3. HP: 15/24 MP: 6/6
   276 | D:1      | Learned a level 3 spell: Regeneration
  1103 | D:2      | Reached XP level 4. HP: 29/29 MP: 8/8
  1236 | D:2      | Reached skill level 1 in Necromancy
  1695 | D:2      | Slain by a gnoll

Skill      XL: |  1  2  3  4 |
---------------+-------------+-----
Dodging        | 2 3 |  3.0
Necromancy     | 1 |  1.0
Spellcasting   | 3 |  3.0
Fighting       | |  2.0
Long Blades    | |  2.7
Charms         | |  3.0

Action                   |  1- 3 |  4- 6 || total
-------------------------+-------+-------++-------
Melee: Falchion          |    57 |       ||    57
       Constrict         |    16 |     8 ||    24
       Tentacles         |     6 |     6 ||    12
       Long sword        |       |    28 ||    28
 Cast: Shroud of Golubri |     2 |     1 ||     3
 Stab: Sleeping          |     6 |     2 ||     8
  Eat: Chunk             |     1 |     2 ||     3
Armor: Skin              |     7 |     3 ||    10
Dodge: Dodged            |    54 |    22 ||    76
       Rpst.: Falchion   |    17 |       ||    17
       Long sword        |       |     4 ||     4
